TOP OF THE 1ST |
Echo Park Lakers batting - Pitching for Seattle Rocketeers : RHP Ren-qing Weng
|
Pitching: RHP Ren-qing Weng
|
|
Batting: LHB Wu-shun Chu
|
0-0: Ball 1-0: SINGLE (Groundball, 34D, EV 100.6 MPH)
|
Batting: RHB Kyu-cheol Kye
|
0-0: Ball 1-0: Ball 2-0: Ball 3-0: Fly out, F9 (Line Drive, 9, EV 92.5 MPH)
|
Batting: RHB Mario Castillo
|
0-0: Ball Wu-shun Chu steals 2nd base (no throw) 1-0: Ball 2-0: Foul Ball, location: 2F 2-1: Called Strike 2-2: SINGLE (Flyball, 6MD, EV 88.8 MPH) Wu-shun Chu to third
|
Batting: LHB Tomás Muinos
|
0-0: Foul Ball, location: 2F 0-1: Called Strike 0-2: Strikes out swinging
|
Batting: RHB Ryoma Yamamoto
|
0-0: Ground out 1-3 (Groundball, 13, EV 83.8 MPH)
|
Top of the 1st over - 0 runs, 2 hits, 0 errors, 2 left on base; Echo Park 0 - Seattle 0 |
BOTTOM OF THE 1ST |
Seattle Rocketeers batting - Pitching for Echo Park Lakers : LHP Jordan Coffey
|
Pitching: LHP Jordan Coffey
|
|
Batting: RHB Bogumil Tiwontschik
|
0-0: Ball 1-0: Ball 2-0: Ball 3-0: Base on Balls
|
Batting: RHB Alain Grosjean
|
0-0: Ball 1-0: SINGLE (Line Drive, 8RS, EV 110.6 MPH) Bogumil Tiwontschik to second
|
Batting: LHB Vicente Gonzáles
|
0-0: Called Strike 0-1: Called Strike 0-2: Fly out, F8 (Flyball, 8RD, EV 101.2 MPH)
|
Batting: RHB Claudio Tappen
|
0-0: Ball 1-0: Fly out, F8 (Line Drive, 8LM, EV 85.0 MPH)
|
Batting: RHB Meester Gobbles-Rooster
|
0-0: Called Strike 0-1: Ball 1-1: Ball 2-1: Ball 3-1: Foul Ball, location: 2F 3-2: Foul Ball, location: 2F 3-2: Foul Ball, location: 2F 3-2: Strikes out swinging
|
Bottom of the 1st over - 0 runs, 1 hit, 0 errors, 2 left on base; Echo Park 0 - Seattle 0 |
TOP OF THE 2ND |
Echo Park Lakers batting - Pitching for Seattle Rocketeers : RHP Ren-qing Weng
|
Batting: LHB Rich Watkins
|
0-0: Ball 1-0: Ball 2-0: Ground out U3 (Groundball, 3L, EV 90.6 MPH)
|
Batting: RHB Komotay Koffie
|
0-0: Ball 1-0: Foul Ball, location: 2F 1-1: Ball 2-1: Called Strike 2-2: Ball 3-2: Fly out, F8 (Flyball, 8LD, EV 99.4 MPH)
|
Batting: RHB Phil Gillespie
|
0-0: Swinging Strike 0-1: Swinging Strike 0-2: Strikes out looking
|
Top of the 2nd over - 0 runs, 0 hits, 0 errors, 0 left on base; Echo Park 0 - Seattle 0 |
BOTTOM OF THE 2ND |
Seattle Rocketeers batting - Pitching for Echo Park Lakers : LHP Jordan Coffey
|
Batting: RHB Jurgen Flurgenburgen
|
0-0: Ball 1-0: Fly out, F7 (Flyball, 78M, EV 78.1 MPH)
|
Batting: RHB Andrés López
|
0-0: Ground out 5-3 (Groundball, 5L, EV 76.9 MPH)
|
Batting: LHB Thierry Honoré
|
0-0: Ball 1-0: Called Strike 1-1: Swinging Strike 1-2: Ball 2-2: Strikes out looking
|
Bottom of the 2nd over - 0 runs, 0 hits, 0 errors, 0 left on base; Echo Park 0 - Seattle 0 |
TOP OF THE 3RD |
Echo Park Lakers batting - Pitching for Seattle Rocketeers : RHP Ren-qing Weng
|
Batting: RHB Felipe Campos
|
0-0: Swinging Strike 0-1: Ground out 6-3 (Groundball, 6, EV 81.9 MPH)
|
Batting: LHB Wu-shun Chu
|
0-0: Ball 1-0: Ball 2-0: Foul Ball, location: 2F 2-1: Foul Ball, location: 2F 2-2: Strikes out swinging
|
Batting: RHB Kyu-cheol Kye
|
0-0: Ground out 6-3 (Groundball, 6, EV 81.2 MPH)
|
Top of the 3rd over - 0 runs, 0 hits, 0 errors, 0 left on base; Echo Park 0 - Seattle 0 |
BOTTOM OF THE 3RD |
Seattle Rocketeers batting - Pitching for Echo Park Lakers : LHP Jordan Coffey
|
Batting: SHB Lodd Felton
|
0-0: Ball 1-0: Foul Ball, location: 2F 1-1: Ball 2-1: Ground out 6-3 (Groundball, 6S, EV 80.0 MPH)
|
Batting: RHB Bogumil Tiwontschik
|
0-0: Ball 1-0: Called Strike 1-1: Ball 2-1: Ball 3-1: Fly out, F4 (Popup, 4S, EV 67.5 MPH)
|
Batting: RHB Alain Grosjean
|
0-0: Ball 1-0: Ball 2-0: Fly out, F3 (Popup, 3SF, EV 70.0 MPH)
|
Bottom of the 3rd over - 0 runs, 0 hits, 0 errors, 0 left on base; Echo Park 0 - Seattle 0 |
TOP OF THE 4TH |
Echo Park Lakers batting - Pitching for Seattle Rocketeers : RHP Ren-qing Weng
|
Batting: RHB Mario Castillo
|
0-0: Swinging Strike 0-1: Foul Ball, location: 2F 0-2: Ball 1-2: Strikes out swinging
|
Batting: LHB Tomás Muinos
|
0-0: Called Strike 0-1: Foul Ball, location: 2F 0-2: Ball 1-2: Foul Ball, location: 2F 1-2: Ball 2-2: Foul Ball, location: 2F 2-2: Fly out, F8 (Line Drive, 8LD, EV 101.2 MPH)
|
Batting: RHB Ryoma Yamamoto
|
0-0: Ground out 4-3 (Groundball, 4, EV 100.0 MPH)
|
Top of the 4th over - 0 runs, 0 hits, 0 errors, 0 left on base; Echo Park 0 - Seattle 0 |
BOTTOM OF THE 4TH |
Seattle Rocketeers batting - Pitching for Echo Park Lakers : LHP Jordan Coffey
|
Batting: LHB Vicente Gonzáles
|
0-0: Called Strike 0-1: Called Strike 0-2: Strikes out swinging
|
Batting: RHB Claudio Tappen
|
0-0: Ball 1-0: Ball 2-0: Foul Ball, location: 2F 2-1: Fly out, F8 (Flyball, 8RM, EV 85.6 MPH)
|
Batting: RHB Meester Gobbles-Rooster
|
0-0: Called Strike 0-1: Ball 1-1: Swinging Strike 1-2: Strikes out looking
|
Bottom of the 4th over - 0 runs, 0 hits, 0 errors, 0 left on base; Echo Park 0 - Seattle 0 |
TOP OF THE 5TH |
Echo Park Lakers batting - Pitching for Seattle Rocketeers : RHP Ren-qing Weng
|
Batting: LHB Rich Watkins
|
0-0: Ball 1-0: Swinging Strike 1-1: Ball 2-1: Bunt missed! 2-2: Strikes out swinging
|
Batting: RHB Komotay Koffie
|
0-0: Ball 1-0: Foul Ball, location: 2F 1-1: Ball 2-1: SINGLE (Line Drive, 3D, EV 105.0 MPH)
|
Batting: RHB Phil Gillespie
|
0-0: Ball 1-0: Ball 2-0: Swinging Strike 2-1: Foul Ball, location: 2F 2-2: Strikes out swinging
|
Batting: RHB Felipe Campos
|
0-0: Ball 1-0: Ball 2-0: DOUBLE (Line Drive, 9LD, EV 111.9 MPH) Komotay Koffie to third Runner from 3rd tries for Home, SAFE, throw by RF to home
|
Batting: LHB Wu-shun Chu
|
0-0: Called Strike 0-1: Foul Ball, location: 2F 0-2: Strikes out looking
|
Top of the 5th over - 1 run, 2 hits, 0 errors, 1 left on base; Echo Park 1 - Seattle 0 |
BOTTOM OF THE 5TH |
Seattle Rocketeers batting - Pitching for Echo Park Lakers : LHP Jordan Coffey
|
Batting: RHB Jurgen Flurgenburgen
|
0-0: Bunted foul 0-1: Fly out, F4 (Popup, 4M, EV 35.0 MPH)
|
Batting: RHB Andrés López
|
0-0: Fly out, F9 (Flyball, 9, EV 93.1 MPH)
|
Batting: LHB Thierry Honoré
|
0-0: Ball 1-0: Fly out, F6 (Line Drive, 6, EV 73.8 MPH)
|
Bottom of the 5th over - 0 runs, 0 hits, 0 errors, 0 left on base; Echo Park 1 - Seattle 0 |
TOP OF THE 6TH |
Echo Park Lakers batting - Pitching for Seattle Rocketeers : RHP Ren-qing Weng
|
Batting: RHB Kyu-cheol Kye
|
0-0: SINGLE (Groundball, 6D, EV 110.0 MPH)
|
Batting: RHB Mario Castillo
|
0-0: Ball 1-0: Ball 2-0: Ball 3-0: Called Strike 3-1: Grounds into double play, 5-4-3 (Groundball, 56S, EV 86.9 MPH)
|
Batting: LHB Tomás Muinos
|
0-0: Swinging Strike 0-1: Ball 1-1: Foul Ball, location: 2F 1-2: Fly out, F8 (Flyball, 8RD, EV 103.1 MPH)
|
Top of the 6th over - 0 runs, 1 hit, 0 errors, 0 left on base; Echo Park 1 - Seattle 0 |
BOTTOM OF THE 6TH |
Seattle Rocketeers batting - Pitching for Echo Park Lakers : LHP Jordan Coffey
|
Batting: SHB Lodd Felton
|
0-0: Foul Ball, location: 2F 0-1: SINGLE (Groundball, 56, EV 93.8 MPH)
|
Batting: RHB Bogumil Tiwontschik
|
0-0: Called Strike 0-1: Ball 1-1: Sac Bunt to 2L - play at first, batter OUT! 2-3 Lodd Felton to second
|
Batting: RHB Alain Grosjean
|
0-0: Called Strike 0-1: Foul Ball, location: 2F 0-2: Ground out 6-3 (Groundball, 6, EV 88.1 MPH) Lodd Felton to third
|
Batting: LHB Vicente Gonzáles
|
0-0: Ball 1-0: Ball 2-0: Ball 3-0: Base on Balls
|
Batting: RHB Claudio Tappen
|
0-0: Fielders Choice at 2nd, 6-4 (Groundball, 6, EV 103.1 MPH)
|
Bottom of the 6th over - 0 runs, 1 hit, 0 errors, 2 left on base; Echo Park 1 - Seattle 0 |
TOP OF THE 7TH |
Echo Park Lakers batting - Pitching for Seattle Rocketeers : RHP Ren-qing Weng
|
Batting: RHB Ryoma Yamamoto
|
0-0: Ball 1-0: Swinging Strike 1-1: Ball 2-1: Foul Ball, location: 2F 2-2: Hit by Pitch
|
Batting: LHB Rich Watkins
|
0-0: Bunt - Flyout to P - DP at third! 1-3
|
Batting: RHB Komotay Koffie
|
0-0: Foul Ball, location: 2F 0-1: Called Strike 0-2: Ball 1-2: Ball 2-2: Foul Ball, location: 2F 2-2: Ball 3-2: Strikes out swinging
|
Top of the 7th over - 0 runs, 0 hits, 0 errors, 0 left on base; Echo Park 1 - Seattle 0 |
BOTTOM OF THE 7TH |
Seattle Rocketeers batting - Pitching for Echo Park Lakers : LHP Jordan Coffey
|
Batting: RHB Meester Gobbles-Rooster
|
0-0: Called Strike 0-1: Foul Ball, location: 2F 0-2: Fly out, F5 (Popup, 25F, EV 83.8 MPH)
|
Batting: RHB Jurgen Flurgenburgen
|
0-0: SINGLE (Groundball, 6D, EV 105.0 MPH)
|
Batting: RHB Andrés López
|
0-0: Called Strike 0-1: Grounds into double play, 5-4-3 (Groundball, 56, EV 91.2 MPH)
|
Bottom of the 7th over - 0 runs, 1 hit, 0 errors, 0 left on base; Echo Park 1 - Seattle 0 |
TOP OF THE 8TH |
Echo Park Lakers batting - Pitching for Seattle Rocketeers : RHP Ren-qing Weng
|
Batting: RHB Phil Gillespie
|
0-0: Called Strike 0-1: Called Strike 0-2: SOLO HOME RUN (Flyball, 7LD, EV 109.4 MPH), Distance : 333 ft
|
Batting: RHB Felipe Campos
|
0-0: Ball 1-0: Called Strike 1-1: Ball 2-1: SINGLE (Line Drive, 8RS, EV 106.9 MPH)
|
Batting: LHB Wu-shun Chu
|
0-0: Ball 1-0: Ball 2-0: Bunted foul 2-1: Sac Bunt to 5S - play at first, batter OUT! 5-4 Felipe Campos to second
|
Pitching: RHP Júlio Enríquez
|
|
Batting: RHB Kyu-cheol Kye
|
0-0: Foul Ball, location: 2F 0-1: Ball 1-1: Ball 2-1: Called Strike 2-2: Ball 3-2: Base on Balls
|
Batting: RHB Mario Castillo
|
0-0: Ball 1-0: Grounds into double play, 6-4-3 (Groundball, 6, EV 92.5 MPH)
|
Top of the 8th over - 1 run, 2 hits, 0 errors, 1 left on base; Echo Park 2 - Seattle 0 |
BOTTOM OF THE 8TH |
Seattle Rocketeers batting - Pitching for Echo Park Lakers : LHP Jordan Coffey
|
Batting: LHB Thierry Honoré
|
0-0: Ground out 6-3 (Groundball, 6S, EV 75.6 MPH)
|
Batting: SHB Lodd Felton
|
0-0: Ball 1-0: Swinging Strike 1-1: Ball 2-1: Ball 3-1: Swinging Strike 3-2: Strikes out looking
|
Batting: RHB Bogumil Tiwontschik
|
0-0: Foul Ball, location: 2F 0-1: Swinging Strike 0-2: Ball 1-2: Ball 2-2: Strikes out looking
|
Bottom of the 8th over - 0 runs, 0 hits, 0 errors, 0 left on base; Echo Park 2 - Seattle 0 |
TOP OF THE 9TH |
Echo Park Lakers batting - Pitching for Seattle Rocketeers : RHP Júlio Enríquez
|
Batting: LHB Tomás Muinos
|
0-0: Called Strike 0-1: Called Strike 0-2: Ball 1-2: Ball 2-2: Foul Ball, location: 2F 2-2: Strikes out looking
|
Batting: RHB Ryoma Yamamoto
|
0-0: Ball 1-0: Single, Error in OF, E7, batter to second base (Line Drive, 7S, EV 99.4 MPH)
|
Batting: LHB Rich Watkins
|
0-0: Called Strike 0-1: Ball 1-1: Ball 2-1: Foul Ball, location: 2F 2-2: Ball 3-2: Strikes out looking
|
Batting: RHB Komotay Koffie
|
0-0: Ball 1-0: Ball 2-0: Foul Ball, location: 2F 2-1: Foul Ball, location: 2F 2-2: Ball 3-2: DOUBLE (Flyball, 8RXD, EV 89.4 MPH) Ryoma Yamamoto scores
|
Batting: RHB Phil Gillespie
|
0-0: Called Strike 0-1: Ball 1-1: Called Strike 1-2: Ball 2-2: Strikes out swinging
|
Top of the 9th over - 1 run, 2 hits, 1 error, 1 left on base; Echo Park 3 - Seattle 0 |
BOTTOM OF THE 9TH |
Seattle Rocketeers batting - Pitching for Echo Park Lakers : LHP Jordan Coffey
|
Now at 3B: Freddy Torres
|
|
Batting: RHB Alain Grosjean
|
0-0: Ball 1-0: Ball 2-0: Swinging Strike 2-1: Called Strike 2-2: Ball 3-2: Base on Balls
|
Pitching: RHP Corbin Holling
|
|
Batting: LHB Vicente Gonzáles
|
0-0: Ball 1-0: Ball 2-0: Called Strike 2-1: Foul Ball, location: 2F 2-2: Foul Ball, location: 2F 2-2: Ball 3-2: Strikes out swinging Alain Grosjean is caught stealing 2nd base 2-6 Batter strikes out.
|
Batting: RHB Claudio Tappen
|
0-0: Called Strike 0-1: Ball 1-1: SINGLE (Groundball, 6MD, EV 98.1 MPH)
|
Batting: RHB Meester Gobbles-Rooster
|
0-0: Ball 1-0: Ball 2-0: Called Strike 2-1: 2-RUN HOME RUN (Flyball, 7LD, EV 99.4 MPH), Distance : 347 ft
|
Batting: RHB Jurgen Flurgenburgen
|
0-0: Called Strike 0-1: Ball 1-1: Called Strike 1-2: Ball 2-2: Ball 3-2: Fly out, F9 (Flyball, 9S, EV 93.8 MPH)
|
Bottom of the 9th over - 2 runs, 2 hits, 0 errors, 0 left on base; Echo Park 3 - Seattle 2 |
|